 Dungeon Crawl Stone Soup version 0.29-a0-289-g2178c42546 (webtiles) character file.

Game seed: 15154300032299974535

67 sanka the Ducker (level 4, -1/41 HPs)
             Began as a Gnoll Monk on Mar 17, 2022.
             Was a Priest of Cheibriados.
             Slain by a gnoll
             ... wielding a +0 flail
              (3 damage)
             ... on level 2 of the Dungeon.
             The game lasted 00:02:43 (1235 turns).

sanka the Ducker (Gnoll Monk)                       Turns: 1235, Time: 00:02:44

Health: -1/41      AC:  2    Str: 16    XL:     4   Next: 18%
Magic:  5/5        EV: 16    Int: 17    God:    Cheibriados [***...]
Gold:   21         SH:  0    Dex: 21    Spells: 5/5 levels left

rFire   . . .      SeeInvis .   a - +0 hand axe
rCold   . . .      Faith    .   (no shield)
rNeg    + . .      Spirit   .   b - +0 robe
rPois   .          Reflect  .   (no helmet)
rElec   .          Harm     .   (no cloak)
rCorr   .          Rampage  .   (no gloves)
Will    .....                   (no boots)
Stlth   +++.......              e - amulet of regeneration
HPRegen 0.93/turn               (no ring)
MPRegen 0.09/turn               l - ring of positive energy

@: very slow
A: fangs 1, strong nose, distributed training
a: Renounce Religion, Bend Time, Temporal Distortion


You were on level 2 of the Dungeon.
You worshipped Cheibriados.
Cheibriados was most pleased with you.
You visited 1 branch of the dungeon, and saw 2 of its levels.

You collected 21 gold pieces.


Innate Abilities, Weirdness & Mutations

You have very sharp teeth.
Your uncanny sense of smell can sniff out nearby items.
Your experience applies equally to all skills.


   Skills:
 + Level 6.6 Fighting
 + Level 1.0 Short Blades
 + Level 1.0 Long Blades
 + Level 6.6 Axes
 + Level 1.0 Maces & Flails
 + Level 1.0 Polearms
 + Level 1.0 Staves
 + Level 1.0 Slings
 + Level 1.0 Bows
 + Level 1.0 Crossbows
 + Level 1.0 Throwing
 + Level 1.0 Armour
 + Level 6.6 Dodging
 + Level 4.2 Stealth
 + Level 1.0 Shields
 + Level 1.0 Unarmed Combat
 + Level 1.0 Spellcasting
 + Level 0.8 Conjurations
 + Level 0.8 Hexes
 + Level 0.8 Summonings
 + Level 0.8 Necromancy
 + Level 0.8 Translocations
 + Level 0.8 Transmutations
 + Level 0.8 Fire Magic
 + Level 0.8 Ice Magic
 + Level 0.8 Air Magic
 + Level 0.8 Earth Magic
 + Level 0.8 Poison Magic
 + Level 1.1 Invocations
 + Level 1.0 Evocations


You had 5 spell levels left.
You didn't know any spells.
Your spell library contained the following spells:

 Spells                   Type           Power      Damage    Failure   Level
 Frozen Ramparts          Ice            6%         1d2       41%         3
 Ice Form                 Ice/Tmut       3%         N/A       83%         4
 Summon Ice Beast         Ice/Summ       3%         N/A       83%         4

Inventory:

Hand Weapons
 a - a +0 hand axe (weapon)
 h - a +1 dagger of venom
 k - a +0 flail
Missiles
 i - a poisoned dart (quivered)
 j - 4 javelins
Armour
 b - a +0 robe (worn)
Jewellery
 e - an amulet of regeneration (around neck)
 l - a ring of positive energy (right hand)
Scrolls
 f - 2 scrolls of identify {unknown}
Potions
 d - a potion of flight {unknown}
 g - 2 potions of curing {unknown}

Dungeon Overview and Level Annotations

Branches:
Dungeon (2/15)

Altars:
Cheibriados

Shops:
D:1

( ▒.▒ ▒.▒▒▒▒▒..▒ ▒
▒<▒▒▒▒▒▒▒▒. ▒▒▒▒.<▒
▒▒▒▒..........
..▒▒..▒▒.
▒...▒▒▒▒▒▒....
.....(.. ..▒.▒
▒.▒▒.▒..(▒..∆ ▒...▒
▒........... ▒▒.▒▒ ▒
▒▒......g(.... ▒.▒
▒.▒...▒b▒........ ▒.▒
▒.▒...▒g▒.▒... ... ▒.▒
▒.....g.▒ ▒.▒▒▒
▒▒▒...▒▒▒ ▒.).▒ ▒...▒
▒▒▒▒)▒▒▒▒▒▒▒...▒▒▒▒▒.▒
......................
▒▒....................
▒....................
▒.▒▒.▒.▒▒▒▒...▒▒▒▒▒▒.


You could see a gnoll and a bat.


Message History

Unknown command.
You slash the gnoll! Your bite misses the gnoll.
The gnoll is almost dead.
You completely miss the gnoll. The gnoll hits you with a +0 halberd!
* * * LOW HITPOINT WARNING * * *
The gnoll misses you.
Unknown command.
You barely miss the gnoll. Your punch misses the gnoll.
The gnoll is almost dead.
You closely miss the gnoll. The gnoll closely misses you.
The gnoll hits you with a +0 halberd!
* * * LOW HITPOINT WARNING * * *
Unknown command.
You hit the gnoll.
You kill the gnoll!
Cheibriados thoroughly appreciates the change of pace.
You hit the gnoll but do no damage. The bat barely misses you.
The gnoll hits you with a +0 flail.
* * * LOW HITPOINT WARNING * * *
Unknown command.
You hit the gnoll.
The gnoll is almost dead.
The bat hits you but does no damage. The gnoll hits you with a +0 flail.
You die...

Action                   |  1- 3 |  4- 6 || total
-------------------------+-------+-------++-------
Melee: Hand axe          |    78 |    10 ||    88
       Bite              |     5 |     2 ||     7
Throw: Dart              |     3 |     2 ||     5
  Use: Potion            |       |     1 ||     1
 Stab: Sleeping          |     7 |     1 ||     8
Armor: Robe              |    10 |     1 ||    11
Dodge: Dodged            |    46 |    16 ||    62

Levels and vault maps discovered:
D:1:      evilmike_arrival_plus, layout_loops_cross,
          dreamdust_ecumenical_altar_angels_and_demons, serial_shops, shop,
          serial_bayou_lake_a
D:2:      layout_loops_cross, minmay_three_crescents

Notes
Turn   | Place    | Note
-------+----------+-------------------------------------------
     0 | D:1      | sanka the Gnoll Monk began the quest for the Orb.
     0 | D:1      | Reached XP level 1. HP: 23/23 MP: 1/1
   137 | D:1      | Reached XP level 2. HP: 26/29 MP: 2/2
   452 | D:1      | Found Nenadown's Antique Weapon Emporium.
   553 | D:1      | Found a faded altar of an unknown god.
   559 | D:1      | Prayed at the altar of an unknown god.
   559 | D:1      | Became a worshipper of Cheibriados the Contemplative
   559 | D:1      | Reached * piety under Cheibriados
   559 | D:1      | Reached ** piety under Cheibriados
   947 | D:1      | Reached XP level 3. HP: 33/35 MP: 3/3
  1060 | D:2      | Reached skill level 1 in Invocations
  1077 | D:1      | Reached *** piety under Cheibriados
  1078 | D:1      | Reached skill level 1 in Short Blades
  1078 | D:1      | Reached skill level 1 in Long Blades
  1078 | D:1      | Reached skill level 1 in Maces & Flails
  1078 | D:1      | Reached skill level 1 in Polearms
  1078 | D:1      | Reached skill level 1 in Staves
  1078 | D:1      | Reached skill level 1 in Slings
  1078 | D:1      | Reached skill level 1 in Bows
  1078 | D:1      | Reached skill level 1 in Crossbows
  1078 | D:1      | Reached skill level 1 in Throwing
  1078 | D:1      | Reached skill level 1 in Armour
  1078 | D:1      | Reached skill level 1 in Shields
  1078 | D:1      | Reached skill level 1 in Unarmed Combat
  1078 | D:1      | Reached skill level 1 in Spellcasting
  1078 | D:1      | Reached skill level 1 in Evocations
  1189 | D:2      | Reached XP level 4. HP: 41/41 MP: 5/5
  1233 | D:2      | HP: 4/41 [gnoll/+0 halberd (7)]
  1234 | D:2      | HP: 1/41 [gnoll/+0 flail (4)]
  1235 | D:2      | Slain by a gnoll

Vanquished Creatures
  An adder (D:2)
  3 gnolls
  A dart slug (D:1)
  4 endoplasms (D:1)
  A giant cockroach (D:1)
  3 goblins
  2 hobgoblins
  3 quokkas (D:1)
  2 ball pythons
  A bat (D:1)
  3 frilled lizards
  3 kobolds
27 creatures vanquished.

Vanquished Creatures (others)
  A plant (D:1)
1 creature vanquished.

Grand Total: 28 creatures vanquished
